 Dungeon Crawl Stone Soup version 0.26.1-11-gd32895ea62 (webtiles) character file.

Game seed: 14205482213412276255

52 Almogavar the Ducker (level 3, 0/18 HPs)
             Began as a Spriggan Warper on May 20, 2021.
             Succumbed to an adder's poison
             ... on level 2 of the Dungeon.
             The game lasted 00:05:58 (2396 turns).

Almogavar the Ducker (Spriggan Warper)              Turns: 2396, Time: 00:05:59

Health: 0/18       AC:  5    Str:  6 (7)  XL:     3   Next: 60%
Magic:  8/8        EV: 19    Int: 15 (16) God:
Gold:   74         SH:  5    Dex: 13 (16) Spells: 6/8 levels left

rFire    . . .     SeeInvis +   l - +0 dagger (speed)
rCold    . . .     Faith    .   (shield restricted)
rNeg     . . .     Spirit   .   b - +0 robe
rPois    .         Reflect  +   (helmet restricted)
rElec    .         Harm     .   (no cloak)
rCorr    .         Rampage  .   (gloves unavailable)
Will     .....                  (boots unavailable)
Stlth    ++........             k - amulet of reflection
HPRegen  0.06/turn              (no ring)
MPRegen  0.11/turn              (no ring)

@: mighty, brilliant, lethally poisoned (0 -> -3), attractive, flying, very
quick
A: very small, unfitting armour, yellow scales 1, see invisible, blink, clever
1, speed 3, shaggy fur 1
a: Blink


You were on level 2 of the Dungeon.
You visited 1 branch of the dungeon, and saw 2 of its levels.

You collected 74 gold pieces.

Inventory:

Hand Weapons
 a - a +0 short sword
 l - a +0 dagger of speed (weapon)
Missiles
 e - 5 boomerangs of dispersal (quivered)
 m - 7 boomerangs
Armour
 b - a +0 robe (worn)
Jewellery
 k - an amulet of reflection (around neck)
Scrolls
 c - a scroll of enchant weapon {unknown}
 d - a scroll of blinking
 g - a scroll of remove curse {unknown}
Potions
 j - a potion of mutation
 o - a potion of attraction


   Skills:
 + Level 1.8 Fighting
 + Level 2.8 Short Blades
 + Level 1.0 Throwing
 + Level 4.9 Dodging
 + Level 1.0 Stealth
 + Level 3.0 Spellcasting
 + Level 4.4 Translocations


You had 6 spell levels left.
You knew the following spells:

 Your Spells              Type           Power        Failure   Level
a - Blink                 Tloc           N/A          4%          2

Your spell library contained the following spells:

 Spells                   Type           Power        Failure   Level
 Gell's Gravitas          Tloc           11%          10%         3
 Lesser Beckoning         Tloc           11%          10%         3
 Teleport Other           Tloc           23%          10%         3
 Passage of Golubria      Tloc           N/A          32%         4


Dungeon Overview and Level Annotations

Branches:
Dungeon (2/15)

Altars:


Innate Abilities, Weirdness & Mutations

You are very small and have problems with some larger weapons.
You are too small for most types of armour.
You have supernaturally acute eyesight. (SInv)
You cover ground extremely quickly.
You are partially covered in yellow scales. (AC +2)
You can translocate small distances at will.
Your mind is acute. (Int +2)
You are covered in fur. (AC +1)


Message History

It was a potion of attraction.
You feel attractive to monsters. The adder completely misses you.
The adder barely misses you.
It was a potion of degeneration.
There was something very wrong with that liquid.
You feel weakened.
You feel dopey.
You feel clumsy.
* * * LOW HITPOINT WARNING * * *
You feel sick. The adder closely misses you.
You closely miss the adder.
The adder is moderately wounded.
The adder barely misses you.
You hit the adder.
The adder is severely wounded.
You puncture the adder!
You kill the adder!
Your Stealth skill increases to level 1!
* * * LOW HITPOINT WARNING * * *
You feel sick.
There is an open door here.
You die...

#.#...# ###.#....<.
#.#...+...#.#......
#.#...#.....#..>...
#........# #......
########....#######..#
................ ....
#####.#.##..#### ####
###.......#
#..@#.....#
#.#.####### #.#.#...
#.###+#'#.#
#.........#
#.........#
#.........#
#.........#
#........†#


There were no monsters in sight!

Vanquished Creatures
  An adder (D:2)
  A worm (D:2)
  3 dart slugs (D:1)
  A leopard gecko (D:1)
  5 giant cockroaches (D:1)
  5 goblins (D:1)
  3 hobgoblins
  A jackal (D:1)
  4 bats (D:1)
  2 frilled lizards
  3 kobolds (D:1)
  2 rats (D:1)
31 creatures vanquished.

Notes
Turn   | Place    | Note
-------+----------+-------------------------------------------
     0 | D:1      | Almogavar the Spriggan Warper began the quest for the Orb.
     0 | D:1      | Reached XP level 1. HP: 10/10 MP: 5/5
   500 | D:1      | Reached XP level 2. HP: 1/14 MP: 6/6
  1210 | D:1      | Learned a level 2 spell: Blink
  1767 | D:1      | Reached XP level 3. HP: 18/18 MP: 8/8
  2379 | D:2      | Gained mutation: You can translocate small distances at
                  | will. [potion of mutation]
  2379 | D:2      | Gained mutation: You are partially covered in yellow
                  | scales. (AC +2) [potion of mutation]
  2379 | D:2      | Gained mutation: Your mind is acute. (Int +2) [potion of
                  | mutation]
  2379 | D:2      | Gained mutation: You are covered in fur. (AC +1) [potion of
                  | mutation]
  2388 | D:2      | Reached skill level 1 in Stealth
  2396 | D:2      | Succumbed to an adder's poison

Illustrated notes

Levels and vault maps discovered:
D:1:      dpeg_arrival_brainrot, layout_loops_ring, serial_glass,
          glass_columns_b, glass_columns_a, glass_columns_b, glass_columns_b,
          glass_columns_a, glass_columns_a, glass_columns_a, glass_columns_b,
          glass_columns_a, glass_columns_b, glass_columns_a, glass_columns_c,
          glass_columns_c, glass_columns_c, feat_on_display,
          minmay_worlds_worst_comb
D:2:      layout_basic, nzn_wu_jian_council_hall

Skill      XL: |  1  2  3 |
---------------+----------+-----
Dodging        | 4 |  4.9
Spellcasting   | 3 |  3.0
Stealth        | 1 |  1.0
Fighting       | |  1.8
Short Blades   | |  2.8
Throwing       | |  1.0
Translocations | |  4.4

Action                   || total
-------------------------++-------
Melee: Short sword       ||   107
       Dagger            ||   111
  Use: Potion            ||     6
 Stab: Sleeping          ||     2
Armor: Robe              ||     9
Dodge: Dodged            ||   163
Block: Other             ||    21
